Rangers vs Kings
Created - March 27, 2023 at 19:25
Goals
|
| Rangers |
0 |
1 |
0 |
1 |
| Kings |
0 |
1 |
2 |
3 |
|
Shots
|
| Rangers |
12 |
8 |
9 |
29 |
| Kings |
7 |
13 |
9 |
29 |
|
1st period
No Goal
Penalties :
Michael Matheson (L.A) for Holding (Minor) at 6:25
2nd period
1. Kings , Jason Akeson 8 (Alexander Kerfoot 29, Jujhar Khaira 15) at 2:32
2. Rangers , Ryan Dzingel 8 (Josh Gorges 1, Cale Makar 46) at 17:19
Penalties :
Luke Schenn (NyR) for Roughing (Minor) at 2:46, Darnell Nurse (L.A) for Slashing (Double Minor) at 8:37
3rd period
3. Kings , Mikko Rantanen 18 (Erik Haula 17) at 4:34
4. Kings , Ilya Kovalchuk 17 (Erik Haula 18, Kyle Clifford 33) at 18:55
Penalties :
Josh Gorges (NyR) for Roughing (Minor) at 1:16, Alexander Kerfoot (L.A) for High sticking (Minor) at 10:29
Goalie Stats
Frederik Andersen (NyR), 26 saves from 29 shots - (0.897), L, 12-22-3, 60:00 minutes
Joonas Korpisalo (L.A), 28 saves from 29 shots - (0.966), W, 7-9-0, 60:00 minutes
Players Stats for Rangers
Player Name G A P +/- PIM S H SB GA TA FO MP PP MP PK MP
------------------------------------------------------------------------------------
Brett Ponich 0 0 0 -1 0 1 2 0 1 0 0/0 18:41 1:42 1:38
Cale Makar 0 1 1 -2 0 2 0 3 1 0 0/0 22:49 3:16 1:14
Devante Smith-Pelly 0 0 0 0 0 3 2 0 0 0 1/1 17:53 3:11 0:36
Dmitry Kulikov 0 0 0 -2 0 0 1 3 0 0 0/0 22:22 4:28 2:20
Henrik Samuelsson 0 0 0 0 0 2 1 0 0 0 1/5 13:11 1:54 0:00
Josh Gorges 0 1 1 1 2 0 5 1 0 0 0/0 16:05 1:16 0:00
Luke Schenn 0 0 0 1 2 2 1 2 0 0 0/0 21:47 2:17 1:06
Maxime Sauvé 0 0 0 0 0 0 0 0 0 0 1/3 7:38 0:10 0:00
Milan Lucic 0 0 0 0 0 4 2 1 1 0 0/0 20:03 3:07 2:23
Ondrej Palat 0 0 0 -2 0 3 1 0 0 0 0/0 17:37 2:29 0:28
Patrik Nemeth 0 0 0 -1 0 0 0 1 1 1 0/0 15:49 0:00 1:38
Richard Panik 0 0 0 0 0 2 1 0 0 0 0/0 11:08 3:37 0:00
Ryan Dzingel 1 0 1 0 0 2 1 0 0 0 0/0 9:17 2:08 0:00
Ryan Strome 0 0 0 -2 0 0 0 0 0 0 0/1 17:10 2:29 0:00
Sean Couturier 0 0 0 0 0 1 1 3 0 0 10/26 20:02 3:08 2:29
Stefan Noesen 0 0 0 0 0 2 2 0 2 0 0/0 13:20 1:55 0:00
T.J Galiardi 0 0 0 0 0 0 1 0 0 0 0/0 13:03 0:13 1:00
Tomas Hertl 0 0 0 -2 0 5 1 0 0 0 1/7 18:05 2:25 1:00
Players Stats for Kings
Player Name G A P +/- PIM S H SB GA TA FO MP PP MP PK MP
------------------------------------------------------------------------------------
Alexander Kerfoot 0 1 1 0 2 1 3 0 0 0 8/12 13:51 1:10 0:00
Benoit Pouliot 0 0 0 0 0 1 1 0 1 0 0/0 13:26 0:00 1:29
Darnell Nurse 0 0 0 1 4 1 0 1 0 1 0/0 24:01 2:38 2:14
Erik Haula 0 2 2 2 0 2 2 0 0 1 9/16 15:37 0:00 3:53
Ilya Kovalchuk 1 0 1 1 0 2 1 0 0 0 1/2 15:49 0:00 3:29
Jake McCabe 0 0 0 0 0 0 0 2 0 0 0/0 13:58 0:00 2:23
Jason Akeson 1 0 1 0 0 1 2 0 0 0 1/1 13:41 1:20 0:00
Jeff Schultz 0 0 0 1 0 1 4 0 0 2 0/0 21:15 0:00 3:28
Jujhar Khaira 0 1 1 0 0 2 0 1 0 1 1/1 17:42 2:38 2:25
Kyle Clifford 0 1 1 2 0 3 0 0 0 0 1/1 16:13 2:48 1:50
Mark Fistric 0 0 0 1 0 0 1 1 0 1 0/0 21:22 0:00 3:27
Michael Matheson 0 0 0 0 2 1 0 0 0 0 0/0 13:06 0:00 2:55
Mikko Rantanen 1 0 1 1 0 3 4 0 0 0 0/0 12:51 1:10 0:00
Mitch Marner 0 0 0 0 0 3 1 0 0 0 0/0 14:26 2:48 0:00
Nick Spaling 0 0 0 0 0 1 1 0 0 0 3/3 12:34 0:00 0:26
Rasmus Ristolainen 0 0 0 1 0 5 2 1 0 0 0/0 22:00 1:20 1:27
Riley Sheahan 0 0 0 0 0 2 2 0 0 0 4/6 16:30 2:48 2:22
William Nylander 0 0 0 0 0 0 2 0 0 0 1/1 13:38 1:10 0:00
3 Stars
1 - Joonas Korpisalo (L.A)
2 - Mikko Rantanen (L.A)
3 - Erik Haula (L.A)
Power Play
Rangers - 0 on 4 Attempt(s) - 0.00%
Kings - 0 on 2 Attempt(s) - 0.00%
Penalty Kill
Rangers - 2 on 2 Attempt(s) - 100.00%
- Score 0 goal in Penalty Kill
Kings - 4 on 4 Attempt(s) - 100.00%
- Score 0 goal in Penalty Kill
Team Stat
Rangers - Hits : 22 - Faceoff Wins : 14 - Blocked Shots : 14 - Penalty Minutes : 4
Kings - Hits : 26 - Faceoff Wins : 29 - Blocked Shots : 6 - Penalty Minutes : 8
Official
Referees : Brad Meier and Steve Kozari
Linesman : Travis Toomey and Scott Cherrey
Game Notes
No Game Note
Finance
Level 1 -- Attendance: 5963 (99.38%) -- Ticket Income $596,300
Level 2 -- Attendance: 4773 (95.46%) -- Ticket Income $286,380
Level 3 -- Attendance: 1812 (90.60%) -- Ticket Income $63,420
Level 4 -- Attendance: 3616 (90.40%) -- Ticket Income $90,400
Luxury Box -- Attendance: 951 (95.10%) -- Ticket Income $190,200
Game was played at the Staples Center.
Total Attendance: 17115 (95.08%)
Total Ticket Income: $1,226,700
Other Income: $184,005
Total Income: $1,410,705
Rangers
5 vs 5 Forward
Center Left Wing Right Wing Time % Phy DF OF
1 Sean Couturier Milan Lucic Devante Smith-Pelly 40 1 2 2
2 Tomas Hertl Ondrej Palat Ryan Strome 30 1 2 2
3 Henrik Samuelsson T.J Galiardi Stefan Noesen 20 1 2 2
4 Maxime Sauvé Ryan Dzingel Richard Panik 10 1 2 2
5 vs 5 Defense
Defense Defense Time % Phy DF OF
1 Cale Makar Dmitry Kulikov 32 1 2 2
2 Luke Schenn Josh Gorges 31 1 2 2
3 Patrik Nemeth Brett Ponich 27 1 2 2
4 Cale Makar Luke Schenn 10 1 2 2
PowerPlay Forward
Center Left Wing Right Wing Time % Phy DF OF
1 Sean Couturier Milan Lucic Devante Smith-Pelly 60 1 1 3
2 Tomas Hertl Ondrej Palat Ryan Strome 40 1 1 3
PowerPlay Defense
Defense Defense Time % Phy DF OF
1 Cale Makar Dmitry Kulikov 60 1 1 3
2 Luke Schenn Richard Panik 40 1 1 3
Penalty Kill 4 Players Forward
Center Wing Time % Phy DF OF
1 Sean Couturier Milan Lucic 60 1 3 1
2 Tomas Hertl T.J Galiardi 40 1 3 1
Penalty Kill 4 Players Defense
Defense Defense Time % Phy DF OF
1 Luke Schenn Dmitry Kulikov 60 1 3 1
2 Patrik Nemeth Brett Ponich 40 1 3 1
Penalty Kill - 3 Players Forward
Forward Time % Phy DF OF
1 Sean Couturier 60 1 3 1
2 Tomas Hertl 40 1 3 1
Penalty Kill - 3 Players Defense
Defense Defense Time % Phy DF OF
1 Luke Schenn Dmitry Kulikov 60 1 3 1
2 Patrik Nemeth Brett Ponich 40 1 2 2
4 vs 4 Forward
Center Wing Time % Phy DF OF
1 Sean Couturier Milan Lucic 60 1 2 2
2 Tomas Hertl T.J Galiardi 40 1 2 2
4 vs 4 Defense
Defense Defense Time % Phy DF OF
1 Luke Schenn Josh Gorges 60 1 2 2
2 Cale Makar Dmitry Kulikov 40 1 2 2
Last Minutes Offensive
Center Left Wing Right Wing Defense Defense
Sean Couturier Milan Lucic Ryan Strome Luke Schenn Dmitry Kulikov
Last Minutes Defensive
Center Left Wing Right Wing Defense Defense
Sean Couturier Milan Lucic Ryan Strome Luke Schenn Dmitry Kulikov
Goaltenders
Starting : Frederik Andersen
Backup : Samuel Montembeault
Extra Forwards
Normal : Devante Smith-Pelly, Richard Panik, T.J Galiardi - PP : Devante Smith-Pelly, Richard Panik - PK : Devante Smith-Pelly
Extra Defensemen
Normal : Cale Makar, Josh Gorges, Luke Schenn - PP : Cale Makar - PK : Cale Makar, Luke Schenn
Penalty Shots
Milan Lucic, Sean Couturier, Tomas Hertl, Ryan Strome, Devante Smith-Pelly
Scratches
Magnus Paajarvi (Healthy)
Kings
5 vs 5 Forward
Center Left Wing Right Wing Time % Phy DF OF
1 Erik Haula Kyle Clifford Mikko Rantanen 25 1 2 2
2 Riley Sheahan Benoit Pouliot Ilya Kovalchuk 25 1 2 2
3 Alexander Kerfoot Jujhar Khaira Jason Akeson 25 1 2 2
4 Nick Spaling William Nylander Mitch Marner 25 1 2 2
5 vs 5 Defense
Defense Defense Time % Phy DF OF
1 Darnell Nurse Jeff Schultz 40 1 3 1
2 Mark Fistric Rasmus Ristolainen 40 1 3 1
3 Jake McCabe Michael Matheson 20 1 3 1
4 Darnell Nurse Jake McCabe 0 1 3 1
PowerPlay Forward
Center Left Wing Right Wing Time % Phy DF OF
1 Riley Sheahan Kyle Clifford Mitch Marner 50 0 1 4
2 Alexander Kerfoot William Nylander Mikko Rantanen 50 0 1 4
PowerPlay Defense
Defense Defense Time % Phy DF OF
1 Jason Akeson Rasmus Ristolainen 70 0 2 3
2 Darnell Nurse Jujhar Khaira 30 0 3 2
Penalty Kill 4 Players Forward
Center Wing Time % Phy DF OF
1 Erik Haula Ilya Kovalchuk 60 0 4 1
2 Riley Sheahan Jujhar Khaira 40 0 4 1
Penalty Kill 4 Players Defense
Defense Defense Time % Phy DF OF
1 Darnell Nurse Jeff Schultz 60 1 4 0
2 Mark Fistric Michael Matheson 40 1 4 0
Penalty Kill - 3 Players Forward
Forward Time % Phy DF OF
1 Erik Haula 60 1 2 2
2 Riley Sheahan 40 1 2 2
Penalty Kill - 3 Players Defense
Defense Defense Time % Phy DF OF
1 Darnell Nurse Jeff Schultz 60 1 2 2
2 Michael Matheson Mark Fistric 40 1 2 2
4 vs 4 Forward
Center Wing Time % Phy DF OF
1 Riley Sheahan Kyle Clifford 60 1 2 2
2 Jason Akeson Mikko Rantanen 40 1 2 2
4 vs 4 Defense
Defense Defense Time % Phy DF OF
1 Darnell Nurse Jeff Schultz 60 1 2 2
2 Jake McCabe Rasmus Ristolainen 40 1 2 2
Last Minutes Offensive
Center Left Wing Right Wing Defense Defense
Alexander Kerfoot Kyle Clifford Mikko Rantanen Jake McCabe Rasmus Ristolainen
Last Minutes Defensive
Center Left Wing Right Wing Defense Defense
Erik Haula Kyle Clifford Ilya Kovalchuk Darnell Nurse Jeff Schultz
Goaltenders
Starting : Joonas Korpisalo
Backup : Jaroslav Halak
Extra Forwards
Normal : Kyle Clifford, Jujhar Khaira, William Nylander - PP : Benoit Pouliot, Ilya Kovalchuk - PK : Kyle Clifford
Extra Defensemen
Normal : Rasmus Ristolainen, Jake McCabe, Jeff Schultz - PP : Jake McCabe - PK : Jake McCabe, Rasmus Ristolainen
Penalty Shots
Ilya Kovalchuk, Benoit Pouliot, Mikko Rantanen, Erik Haula, Nick Spaling
Scratches
Bryce Lampman (Healthy), Drew Stafford (Healthy), Peter Regin (Healthy), Auston Matthews (Strained Back Injury)
% Time on Ice - Rangers
Lines # - Real PCT - Wanted PCT - Time Play
Normal Forward
1 - 31% - 40% - 14:49
2 - 31% - 30% - 14:47
3 - 24% - 20% - 11:23
4 - 15% - 10% - 7:06
Normal Defense
1 - 32% - 32% - 15:15
2 - 31% - 31% - 15:08
3 - 29% - 27% - 14:11
4 - 7% - 10% - 3:31
PP Forward
1 - 68% - 60% - 5:25
2 - 32% - 40% - 2:32
PP Defense
1 - 62% - 60% - 4:57
2 - 38% - 40% - 3:00
PK Forward
1 - 75% - 60% - 2:58
2 - 25% - 40% - 1:00
PK Defense
1 - 59% - 60% - 2:20
2 - 41% - 40% - 1:38
PK3 Forward
1 - 0% - 60%
2 - 0% - 40%
PK3 Defense
1 - 0% - 60%
2 - 0% - 40%
44 Forward
1 - 0% - 60%
2 - 0% - 40%
44 Defense
1 - 0% - 60%
2 - 0% - 40%
Last Minute Offensive - 0:00
Last Minute Defensive - 0:00
Total
Forward - 60:00
Defense - 60:00
|
% Time on Ice - Kings
Lines # - Real PCT - Wanted PCT - Time Play
Normal Forward
1 - 24% - 25% - 11:35
2 - 25% - 25% - 12:10
3 - 25% - 25% - 12:12
4 - 25% - 25% - 12:01
Normal Defense
1 - 39% - 40% - 18:29
2 - 39% - 40% - 18:51
3 - 21% - 20% - 10:01
4 - 1% - 0% - 0:37
PP Forward
1 - 71% - 50% - 2:48
2 - 29% - 50% - 1:10
PP Defense
1 - 34% - 70% - 1:20
2 - 66% - 30% - 2:38
PK Forward
1 - 70% - 60% - 5:35
2 - 30% - 40% - 2:22
PK Defense
1 - 70% - 60% - 5:33
2 - 30% - 40% - 2:24
PK3 Forward
1 - 0% - 60%
2 - 0% - 40%
PK3 Defense
1 - 0% - 60%
2 - 0% - 40%
44 Forward
1 - 0% - 60%
2 - 0% - 40%
44 Defense
1 - 0% - 60%
2 - 0% - 40%
Last Minute Offensive - 0:00
Last Minute Defensive - 0:07
Total
Forward - 60:00
Defense - 60:00
|
Play-by-Play
1st period
0:01 of 1st period - Sean Couturier wins face-off versus Erik Haula in neutral zone.
0:33 of 1st period - Jeff Schultz is hit by Josh Gorges and loses puck.
0:48 of 1st period - Mark Fistric is hit by Stefan Noesen and loses puck.
1:11 of 1st period - Slapshot by Rasmus Ristolainen.
1:11 of 1st period - Shot Misses the Net.
1:13 of 1st period - Snap shot by Nick Spaling.
1:13 of 1st period - Stopped by Frederik Andersen without a rebound.
1:14 of 1st period - Nick Spaling wins face-off versus Sean Couturier in Rangers zone.
1:49 of 1st period - Snap shot by Mitch Marner.
1:49 of 1st period - Shot Misses the Net.
1:51 of 1st period - Slapshot by Darnell Nurse.
1:51 of 1st period - Shot Blocked by Luke Schenn.
2:17 of 1st period - Slapshot by Rasmus Ristolainen.
2:17 of 1st period - Stopped by Frederik Andersen with a rebound.
2:31 of 1st period - Wrist shot by Ondrej Palat.
2:31 of 1st period - Shot Misses the Net.
2:33 of 1st period - Snap shot by Tomas Hertl.
2:33 of 1st period - Shot Misses the Net.
2:55 of 1st period - Wrist shot by Ryan Strome.
2:55 of 1st period - Deflect By Tomas Hertl.
2:55 of 1st period - Stopped by Joonas Korpisalo with a rebound.
2:57 of 1st period - Slapshot by Cale Makar.
2:57 of 1st period - Deflect By Mark Fistric.
2:57 of 1st period - Stopped by Joonas Korpisalo with a rebound.
3:09 of 1st period - Wrist shot by Ondrej Palat.
3:09 of 1st period - Stopped by Joonas Korpisalo with a rebound.
3:11 of 1st period - Snap shot by Tomas Hertl.
3:11 of 1st period - Stopped by Joonas Korpisalo with a rebound.
4:16 of 1st period - Snap shot by Ondrej Palat.
4:16 of 1st period - Stopped by Joonas Korpisalo with a rebound.
4:18 of 1st period - Wrist shot by Ryan Strome.
4:18 of 1st period - Shot Misses the Net.
4:20 of 1st period - Wrist shot by Ryan Strome.
4:20 of 1st period - Deflect By Tomas Hertl.
4:20 of 1st period - Stopped by Joonas Korpisalo with a rebound.
4:28 of 1st period - Slapshot by Ondrej Palat.
4:28 of 1st period - Stopped by Joonas Korpisalo with a rebound.
4:30 of 1st period - Slapshot by Luke Schenn.
4:30 of 1st period - Shot Misses the Net.
4:32 of 1st period - Slapshot by Luke Schenn.
4:32 of 1st period - Stopped by Joonas Korpisalo with a rebound.
4:34 of 1st period - Slapshot by Luke Schenn.
4:34 of 1st period - Shot Misses the Net.
4:38 of 1st period - Snap shot by Tomas Hertl.
4:38 of 1st period - Stopped by Joonas Korpisalo with a rebound.
4:40 of 1st period - Slapshot by Cale Makar.
4:40 of 1st period - Shot Blocked by Rasmus Ristolainen.
4:42 of 1st period - Slapshot by Cale Makar.
4:42 of 1st period - Deflect By Tomas Hertl.
4:42 of 1st period - Stopped by Joonas Korpisalo with a rebound.
4:44 of 1st period - Slapshot by Luke Schenn.
4:44 of 1st period - Stopped by Joonas Korpisalo without a rebound.
4:45 of 1st period - Devante Smith-Pelly wins face-off versus Erik Haula in Kings zone.
4:48 of 1st period - Snap shot by Milan Lucic.
4:48 of 1st period - Deflect By Devante Smith-Pelly.
4:48 of 1st period - Stopped by Joonas Korpisalo with a rebound.
5:20 of 1st period - Slapshot by Alexander Kerfoot.
5:20 of 1st period - Shot Misses the Net.
5:36 of 1st period - Snap shot by Riley Sheahan.
5:36 of 1st period - Shot Misses the Net.
5:38 of 1st period - Snap shot by Riley Sheahan.
5:38 of 1st period - Stopped by Frederik Andersen with a rebound.
5:40 of 1st period - Snap shot by Ilya Kovalchuk.
5:40 of 1st period - Shot Misses the Net.
5:42 of 1st period - Slapshot by Jeff Schultz.
5:42 of 1st period - Deflect By Benoit Pouliot.
5:42 of 1st period - Shot Misses the Net.
5:42 of 1st period - Puck is out of play.
5:43 of 1st period - Henrik Samuelsson wins face-off versus Erik Haula in Rangers zone.
5:43 of 1st period - Henrik Samuelsson is hit by Mikko Rantanen.
6:25 of 1st period - Minor Penalty to Michael Matheson for Holding.
6:26 of 1st period - Sean Couturier wins face-off versus Erik Haula in Kings zone.
6:46 of 1st period - Jeff Schultz is hit by Milan Lucic and loses puck.
8:25 of 1st period - Penalty to Michael Matheson is over, Michael Matheson is back on ice.
9:23 of 1st period - Icing by Kyle Clifford.
9:24 of 1st period - Erik Haula wins face-off versus Maxime Sauvé in Kings zone.
9:49 of 1st period - Tomas Hertl is hit by Mikko Rantanen and loses puck.
10:29 of 1st period - Brett Ponich is hit by Rasmus Ristolainen and loses puck.
10:52 of 1st period - Luke Schenn is hit by Jeff Schultz and loses puck.
11:03 of 1st period - Darnell Nurse is hit by Henrik Samuelsson and loses puck.
11:24 of 1st period - Slapshot by Benoit Pouliot.
11:24 of 1st period - Stopped by Frederik Andersen with a rebound.
11:26 of 1st period - Slapshot by Jeff Schultz.
11:26 of 1st period - Shot Blocked by Cale Makar.
11:28 of 1st period - Slapshot by Jeff Schultz.
11:28 of 1st period - Stopped by Frederik Andersen with a rebound.
11:52 of 1st period - Henrik Samuelsson is hit by Jason Akeson and loses puck.
12:25 of 1st period - Snap shot by Benoit Pouliot.
12:25 of 1st period - Shot Blocked by Milan Lucic.
12:27 of 1st period - Snap shot by Jake McCabe.
12:27 of 1st period - Shot Blocked by Sean Couturier.
13:01 of 1st period - Ryan Dzingel is hit by Alexander Kerfoot and loses puck.
13:16 of 1st period - Stefan Noesen is hit by William Nylander and loses puck.
14:11 of 1st period - Snap shot by Jujhar Khaira.
14:11 of 1st period - Shot Blocked by Josh Gorges.
14:22 of 1st period - Rasmus Ristolainen is hit by Dmitry Kulikov.
14:34 of 1st period - Jake McCabe is hit by Stefan Noesen.
15:12 of 1st period - Slapshot by Michael Matheson.
15:12 of 1st period - Deflect By Josh Gorges.
15:12 of 1st period - Stopped by Frederik Andersen without a rebound.
15:13 of 1st period - Alexander Kerfoot wins face-off versus Tomas Hertl in Rangers zone.
15:26 of 1st period - Wrist shot by Jujhar Khaira.
15:26 of 1st period - Stopped by Frederik Andersen without a rebound.
15:27 of 1st period - Riley Sheahan wins face-off versus Sean Couturier in Rangers zone.
15:30 of 1st period - Slapshot by Ilya Kovalchuk.
15:30 of 1st period - Shot Misses the Net.
17:19 of 1st period - Slapshot by Cale Makar.
17:19 of 1st period - Shot Misses the Net.
18:29 of 1st period - Josh Gorges is hit by Riley Sheahan and loses puck.
19:00 of 1st period - Patrik Nemeth is hit by Erik Haula and loses puck.
19:22 of 1st period - Nick Spaling is hit by Brett Ponich and loses puck.
19:29 of 1st period - Jake McCabe is hit by Devante Smith-Pelly and loses puck.
19:40 of 1st period - Richard Panik is hit by Riley Sheahan and loses puck.
Goals for this period are 0 for Rangers vs 0 for Kings.
Shots for this period are 12 for Rangers vs 7 for Kings.
2nd period
0:01 of 2nd period - Jujhar Khaira wins face-off versus Sean Couturier in neutral zone.
0:25 of 2nd period - Stefan Noesen is hit by Jeff Schultz and loses puck.
1:12 of 2nd period - Slapshot by Jeff Schultz.
1:12 of 2nd period - Shot Misses the Net.
1:54 of 2nd period - Backhand shot by Devante Smith-Pelly.
1:54 of 2nd period - Shot Misses the Net.
2:16 of 2nd period - Snap shot by Kyle Clifford.
2:16 of 2nd period - Shot Blocked by Luke Schenn.
2:26 of 2nd period - Backhand shot by Rasmus Ristolainen.
2:26 of 2nd period - Deflect By Richard Panik.
2:26 of 2nd period - Stopped by Frederik Andersen without a rebound.
2:27 of 2nd period - Alexander Kerfoot wins face-off versus Maxime Sauvé in Rangers zone.
2:32 of 2nd period - Wrist shot by Jason Akeson.
2:32 of 2nd period - Goal by Jason Akeson - Rangers : 0 - Kings : 1.
2:33 of 2nd period - Sean Couturier wins face-off versus Erik Haula in neutral zone.
2:36 of 2nd period - Erik Haula is hit by Milan Lucic and loses puck.
2:46 of 2nd period - Minor Penalty to Luke Schenn for Roughing.
2:47 of 2nd period - Riley Sheahan wins face-off versus Sean Couturier in Rangers zone.
2:50 of 2nd period - Wrist shot by Mitch Marner.
2:50 of 2nd period - Stopped by Frederik Andersen without a rebound.
2:51 of 2nd period - Riley Sheahan wins face-off versus Sean Couturier in Rangers zone.
2:52 of 2nd period - Slapshot by Kyle Clifford.
2:52 of 2nd period - Stopped by Frederik Andersen with a rebound.
2:54 of 2nd period - Slapshot by Rasmus Ristolainen.
2:54 of 2nd period - Shot Blocked by Sean Couturier.
2:56 of 2nd period - Slapshot by Jason Akeson.
2:56 of 2nd period - Shot Blocked by Dmitry Kulikov.
2:58 of 2nd period - Wrist shot by Kyle Clifford.
2:58 of 2nd period - Stopped by Frederik Andersen without a rebound.
2:59 of 2nd period - Alexander Kerfoot wins face-off versus Sean Couturier in Rangers zone.
3:00 of 2nd period - Slapshot by Rasmus Ristolainen.
3:00 of 2nd period - Stopped by Frederik Andersen without a rebound.
3:01 of 2nd period - Sean Couturier wins face-off versus Alexander Kerfoot in Rangers zone.
3:32 of 2nd period - Slapshot by Rasmus Ristolainen.
3:32 of 2nd period - Shot Blocked by Cale Makar.
3:34 of 2nd period - Wrist shot by Kyle Clifford.
3:34 of 2nd period - Shot Misses the Net.
3:36 of 2nd period - Slapshot by Rasmus Ristolainen.
3:36 of 2nd period - Shot Blocked by Dmitry Kulikov.
3:38 of 2nd period - Snap shot by Riley Sheahan.
3:38 of 2nd period - Deflect By Kyle Clifford.
3:38 of 2nd period - Shot Misses the Net.
3:38 of 2nd period - Puck is out of play.
3:39 of 2nd period - Alexander Kerfoot wins face-off versus Sean Couturier in Rangers zone.
4:46 of 2nd period - Penalty to Luke Schenn is over, Luke Schenn is back on ice.
4:54 of 2nd period - Slapshot by Richard Panik.
4:54 of 2nd period - Stopped by Joonas Korpisalo without a rebound.
4:55 of 2nd period - Maxime Sauvé wins face-off versus Riley Sheahan in Kings zone.
4:56 of 2nd period - Wrist shot by Ryan Dzingel.
4:56 of 2nd period - Stopped by Joonas Korpisalo with a rebound.
5:06 of 2nd period - Slapshot by Riley Sheahan.
5:06 of 2nd period - Shot Misses the Net.
5:40 of 2nd period - Darnell Nurse is hit by Tomas Hertl.
6:00 of 2nd period - Mark Fistric is hit by Richard Panik and loses puck.
6:27 of 2nd period - Milan Lucic is hit by Rasmus Ristolainen and loses puck.
7:35 of 2nd period - Darnell Nurse is hit by Sean Couturier and loses puck.
7:54 of 2nd period - Wrist shot by Ilya Kovalchuk.
7:54 of 2nd period - Shot Blocked by Patrik Nemeth.
8:04 of 2nd period - Slapshot by Milan Lucic.
8:04 of 2nd period - Stopped by Joonas Korpisalo with a rebound.
8:06 of 2nd period - Slapshot by Brett Ponich.
8:06 of 2nd period - Shot Blocked by Darnell Nurse.
8:08 of 2nd period - Wrist shot by Devante Smith-Pelly.
8:08 of 2nd period - Stopped by Joonas Korpisalo with a rebound.
8:14 of 2nd period - Snap shot by Milan Lucic.
8:14 of 2nd period - Shot Misses the Net.
8:16 of 2nd period - Snap shot by Sean Couturier.
8:16 of 2nd period - Shot Misses the Net.
8:37 of 2nd period - Double Minor Penalty to Darnell Nurse for Slashing.
8:38 of 2nd period - Erik Haula wins face-off versus Tomas Hertl in Kings zone.
10:16 of 2nd period - Luke Schenn is hit by Benoit Pouliot.
11:12 of 2nd period - Mark Fistric is hit by Ryan Dzingel and loses puck.
12:17 of 2nd period - Wrist shot by Rasmus Ristolainen.
12:17 of 2nd period - Stopped by Frederik Andersen with a rebound.
12:37 of 2nd period - Penalty to Darnell Nurse is over, Darnell Nurse is back on ice.
13:13 of 2nd period - Ryan Dzingel is hit by Alexander Kerfoot.
13:20 of 2nd period - Icing by Jujhar Khaira.
13:21 of 2nd period - Sean Couturier wins face-off versus Erik Haula in Kings zone.
13:32 of 2nd period - Brett Ponich is hit by Mitch Marner.
13:44 of 2nd period - Stefan Noesen is hit by Jason Akeson and loses puck.
13:52 of 2nd period - Icing by Josh Gorges.
13:53 of 2nd period - Erik Haula wins face-off versus Henrik Samuelsson in Rangers zone.
13:54 of 2nd period - Snap shot by Kyle Clifford.
13:54 of 2nd period - Stopped by Frederik Andersen with a rebound.
14:02 of 2nd period - Kyle Clifford is hit by Josh Gorges and loses puck.
14:40 of 2nd period - Brett Ponich is hit by Mikko Rantanen and loses puck.
14:43 of 2nd period - Slapshot by Brett Ponich.
14:43 of 2nd period - Deflect By Mikko Rantanen.
14:43 of 2nd period - Stopped by Joonas Korpisalo without a rebound.
14:44 of 2nd period - Sean Couturier wins face-off versus Alexander Kerfoot in Kings zone.
14:53 of 2nd period - Snap shot by Alexander Kerfoot.
14:53 of 2nd period - Stopped by Frederik Andersen with a rebound.
15:30 of 2nd period - William Nylander is hit by Josh Gorges.
15:36 of 2nd period - Slapshot by Cale Makar.
15:36 of 2nd period - Shot Misses the Net.
16:11 of 2nd period - Ondrej Palat is hit by Ilya Kovalchuk and loses puck.
16:52 of 2nd period - Dmitry Kulikov is hit by Nick Spaling and loses puck.
16:59 of 2nd period - Snap shot by Mitch Marner.
16:59 of 2nd period - Shot Blocked by Cale Makar.
17:19 of 2nd period - Wrist shot by Ryan Dzingel.
17:19 of 2nd period - Goal by Ryan Dzingel - Rangers : 1 - Kings : 1.
17:20 of 2nd period - Sean Couturier wins face-off versus Alexander Kerfoot in neutral zone.
17:47 of 2nd period - Slapshot by Henrik Samuelsson.
17:47 of 2nd period - Shot Blocked by Jujhar Khaira.
17:53 of 2nd period - Snap shot by Henrik Samuelsson.
17:53 of 2nd period - Stopped by Joonas Korpisalo with a rebound.
17:55 of 2nd period - Slapshot by Brett Ponich.
17:55 of 2nd period - Shot Blocked by Mark Fistric.
17:57 of 2nd period - Wrist shot by Stefan Noesen.
17:57 of 2nd period - Stopped by Joonas Korpisalo with a rebound.
18:07 of 2nd period - Wrist shot by Mikko Rantanen.
18:07 of 2nd period - Stopped by Frederik Andersen without a rebound.
18:08 of 2nd period - Erik Haula wins face-off versus Tomas Hertl in Rangers zone.
18:15 of 2nd period - Slapshot by Erik Haula.
18:15 of 2nd period - Stopped by Frederik Andersen without a rebound.
18:16 of 2nd period - Sean Couturier wins face-off versus Ilya Kovalchuk in Rangers zone.
19:26 of 2nd period - Slapshot by Riley Sheahan.
19:26 of 2nd period - Stopped by Frederik Andersen with a rebound.
19:28 of 2nd period - Snap shot by Ilya Kovalchuk.
19:28 of 2nd period - Stopped by Frederik Andersen without a rebound.
19:29 of 2nd period - Ilya Kovalchuk wins face-off versus Sean Couturier in Rangers zone.
19:43 of 2nd period - Jake McCabe is hit by Devante Smith-Pelly.
Goals for this period are 1 for Rangers vs 1 for Kings.
Shots for this period are 8 for Rangers vs 13 for Kings.
3rd period
0:01 of 3rd period - Alexander Kerfoot wins face-off versus Sean Couturier in neutral zone.
1:16 of 3rd period - Minor Penalty to Josh Gorges for Roughing.
1:17 of 3rd period - Riley Sheahan wins face-off versus Sean Couturier in Rangers zone.
1:19 of 3rd period - Wrist shot by Mitch Marner.
1:19 of 3rd period - Stopped by Frederik Andersen with a rebound.
1:21 of 3rd period - Wrist shot by Mitch Marner.
1:21 of 3rd period - Shot Blocked by Sean Couturier.
1:23 of 3rd period - Slapshot by Darnell Nurse.
1:23 of 3rd period - Stopped by Frederik Andersen without a rebound.
1:24 of 3rd period - Kyle Clifford wins face-off versus Sean Couturier in Rangers zone.
2:56 of 3rd period - Snap shot by Mitch Marner.
2:56 of 3rd period - Stopped by Frederik Andersen with a rebound.
3:14 of 3rd period - Luke Schenn is hit by Mikko Rantanen and loses puck.
3:16 of 3rd period - Penalty to Josh Gorges is over, Josh Gorges is back on ice.
3:31 of 3rd period - Sean Couturier is hit by Alexander Kerfoot and loses puck.
3:42 of 3rd period - Wrist shot by Milan Lucic.
3:42 of 3rd period - Stopped by Joonas Korpisalo without a rebound.
3:43 of 3rd period - Erik Haula wins face-off versus Tomas Hertl in Kings zone.
3:54 of 3rd period - Ilya Kovalchuk is hit by Brett Ponich and loses puck.
4:11 of 3rd period - Icing by T.J Galiardi.
4:12 of 3rd period - Nick Spaling wins face-off versus Henrik Samuelsson in Rangers zone.
4:21 of 3rd period - William Nylander is hit by Luke Schenn and loses puck.
4:28 of 3rd period - Snap shot by Henrik Samuelsson.
4:28 of 3rd period - Stopped by Joonas Korpisalo without a rebound.
4:29 of 3rd period - Erik Haula wins face-off versus Tomas Hertl in Kings zone.
4:34 of 3rd period - Snap shot by Mikko Rantanen.
4:34 of 3rd period - Goal by Mikko Rantanen - Rangers : 1 - Kings : 2.
4:35 of 3rd period - Nick Spaling wins face-off versus Sean Couturier in neutral zone.
5:00 of 3rd period - Dmitry Kulikov is hit by Erik Haula and loses puck.
5:13 of 3rd period - Snap shot by Erik Haula.
5:13 of 3rd period - Stopped by Frederik Andersen with a rebound.
6:07 of 3rd period - Slapshot by Cale Makar.
6:07 of 3rd period - Shot Blocked by Jake McCabe.
7:12 of 3rd period - Rasmus Ristolainen is hit by Josh Gorges and loses puck.
8:41 of 3rd period - Snap shot by Stefan Noesen.
8:41 of 3rd period - Shot Blocked by Jake McCabe.
9:01 of 3rd period - Slapshot by Richard Panik.
9:01 of 3rd period - Stopped by Joonas Korpisalo with a rebound.
10:02 of 3rd period - Wrist shot by Stefan Noesen.
10:02 of 3rd period - Stopped by Joonas Korpisalo without a rebound.
10:03 of 3rd period - Erik Haula wins face-off versus Henrik Samuelsson in Kings zone.
10:14 of 3rd period - Wrist shot by Mikko Rantanen.
10:14 of 3rd period - Stopped by Frederik Andersen without a rebound.
10:15 of 3rd period - Alexander Kerfoot wins face-off versus Sean Couturier in Rangers zone.
10:26 of 3rd period - Snap shot by Sean Couturier.
10:26 of 3rd period - Deflect By Milan Lucic.
10:26 of 3rd period - Shot Misses the Net.
10:26 of 3rd period - Puck is out of play.
10:27 of 3rd period - Jason Akeson wins face-off versus Sean Couturier in Kings zone.
10:29 of 3rd period - Minor Penalty to Alexander Kerfoot for High sticking.
10:30 of 3rd period - Erik Haula wins face-off versus Sean Couturier in Kings zone.
10:44 of 3rd period - Milan Lucic is hit by Jeff Schultz.
11:05 of 3rd period - Slapshot by Dmitry Kulikov.
11:05 of 3rd period - Deflect By Ryan Strome.
11:05 of 3rd period - Shot Misses the Net.
11:05 of 3rd period - Puck is out of play.
11:06 of 3rd period - Sean Couturier wins face-off versus Riley Sheahan in Kings zone.
11:19 of 3rd period - Wrist shot by Devante Smith-Pelly.
11:19 of 3rd period - Shot Misses the Net.
11:21 of 3rd period - Snap shot by Devante Smith-Pelly.
11:21 of 3rd period - Deflect By Milan Lucic.
11:21 of 3rd period - Stopped by Joonas Korpisalo with a rebound.
12:29 of 3rd period - Penalty to Alexander Kerfoot is over, Alexander Kerfoot is back on ice.
12:39 of 3rd period - Nick Spaling is hit by T.J Galiardi and loses puck.
12:57 of 3rd period - Icing by Alexander Kerfoot.
12:58 of 3rd period - Tomas Hertl wins face-off versus Alexander Kerfoot in Kings zone.
13:13 of 3rd period - Wrist shot by Alexander Kerfoot.
13:13 of 3rd period - Deflect By Jujhar Khaira.
13:13 of 3rd period - Stopped by Frederik Andersen without a rebound.
13:14 of 3rd period - Sean Couturier wins face-off versus Erik Haula in Rangers zone.
13:23 of 3rd period - Slapshot by Cale Makar.
13:23 of 3rd period - Stopped by Joonas Korpisalo with a rebound.
13:25 of 3rd period - Slapshot by Cale Makar.
13:25 of 3rd period - Deflect By Sean Couturier.
13:25 of 3rd period - Stopped by Joonas Korpisalo without a rebound.
13:26 of 3rd period - Erik Haula wins face-off versus Sean Couturier in Kings zone.
13:41 of 3rd period - Snap shot by Devante Smith-Pelly.
13:41 of 3rd period - Stopped by Joonas Korpisalo without a rebound.
13:42 of 3rd period - Alexander Kerfoot wins face-off versus Tomas Hertl in Kings zone.
13:42 of 3rd period - Alexander Kerfoot is hit by Ondrej Palat.
13:58 of 3rd period - Snap shot by Jason Akeson.
13:58 of 3rd period - Shot Misses the Net.
14:08 of 3rd period - Darnell Nurse is hit by Josh Gorges and loses puck.
14:17 of 3rd period - Slapshot by Milan Lucic.
14:17 of 3rd period - Stopped by Joonas Korpisalo with a rebound.
15:20 of 3rd period - Wrist shot by Benoit Pouliot.
15:20 of 3rd period - Shot Misses the Net.
15:22 of 3rd period - Snap shot by Rasmus Ristolainen.
15:22 of 3rd period - Shot Misses the Net.
15:24 of 3rd period - Wrist shot by Ilya Kovalchuk.
15:24 of 3rd period - Shot Misses the Net.
17:29 of 3rd period - Stefan Noesen is hit by Jeff Schultz and loses puck.
17:52 of 3rd period - Luke Schenn is hit by Mark Fistric and loses puck.
18:13 of 3rd period - Luke Schenn is hit by William Nylander.
18:29 of 3rd period - Icing by Dmitry Kulikov.
18:30 of 3rd period - Alexander Kerfoot wins face-off versus Ryan Strome in Rangers zone.
18:43 of 3rd period - Slapshot by Rasmus Ristolainen.
18:43 of 3rd period - Stopped by Frederik Andersen with a rebound.
18:45 of 3rd period - Slapshot by Mark Fistric.
18:45 of 3rd period - Shot Blocked by Dmitry Kulikov.
18:55 of 3rd period - Snap shot by Erik Haula.
18:55 of 3rd period - Deflect By Ilya Kovalchuk.
18:55 of 3rd period - Goal by Ilya Kovalchuk - Rangers : 1 - Kings : 3.
18:56 of 3rd period - William Nylander wins face-off versus Henrik Samuelsson in neutral zone.
Goals for this period are 0 for Rangers vs 2 for Kings.
Shots for this period are 9 for Rangers vs 9 for Kings.